 Dungeon Crawl Stone Soup version 0.19.5 (webtiles) character file.

12755 Inarius the Blocker (level 11, -11/94 HPs)
             Began as a Minotaur Fighter on Apr 27, 2017.
             Was a Priest of Ru.
             Mangled by a minotaur
             ... wielding the cursed +3 dagger of the Horn {protect, rC+}
              (21 damage)
             ... in a labyrinth.
             The game lasted 01:09:34 (12234 turns).

Inarius the Blocker (Minotaur Fighter)             Turns: 12234, Time: 01:09:35

Health: -11/94     AC: 15    Str: 18 (22) XL:     11   Next: 66%
Magic:  19/19      EV:  4    Int:  1 (5)  God:    Ru [***...]
Gold:   696        SH: 18    Dex: 11 (12) Spells: 0 memorised, 10 levels left

rFire  + . .     SeeInvis .     a - +0 long sword
rCold  . . .     Gourm    .     D - +0 plate armour
rNeg   . . .     Faith    .     v - +0 large shield
rPois  .         Spirit   .     (helmet restricted)
rElec  +         Reflect  .     (no cloak)
rCorr  .         Harm     .     V - +0 pair of gloves
MR     .....                    (no boots)
Stlth  ..........               k - amulet of regeneration
                                y - ring of protection from fire
                                r - ring of magical power

@: no potions, very slightly contaminated, drained
A: retaliatory headbutt, horns 2, deterioration 1, electricity resistance,
inability to drink while threatened, no stealth, unskilled 1
a: Draw Out Power, Renounce Religion


You were in a labyrinth.
You worshipped Ru.
Ru was most pleased with you.
You were not hungry.

You visited 2 branches of the dungeon, and saw 13 of its levels.
You also visited: Labyrinth.

You collected 696 gold pieces.

Inventory:

Hand Weapons
 a - a +0 long sword (weapon)
 p - a +1 rapier of venom
 P - a +0 shortbow
Missiles
 Q - 91 arrows
Armour
 v - a +0 large shield (worn)
 D - a +0 plate armour (worn)
 V - a +0 pair of gloves (worn)
Rods
 R - a +1 rod of ignition (9/9)
   (You found it on level 9 of the Dungeon)
Jewellery
 k - an amulet of regeneration (around neck)
 r - a ring of magical power (left hand)
 y - a ring of protection from fire (right hand)
Wands
 d - a wand of flame (11/48)
 m - a wand of confusion (25/48)
 n - a wand of slowing (12/48)
 s - a wand of paralysis (0/24)
 C - a wand of lightning (7/15)
 W - a wand of confusion (23/48)
Scrolls
 b - 2 scrolls of amnesia {unknown}
 g - 3 scrolls of teleportation
 j - 9 scrolls of remove curse
 o - 6 scrolls of enchant armour
 E - 3 scrolls of blinking
 F - a scroll of noise
 G - 3 scrolls of enchant weapon {unknown}
 K - a scroll of silence {unknown}
 L - a scroll of summoning
 M - a scroll of torment
 N - a scroll of magic mapping {unknown}
 U - a scroll of acquirement {unknown}
Potions
 c - 3 potions of flight
 e - a potion of cure mutation {unknown}
 l - a potion of heal wounds
 u - 2 potions of magic
 w - 2 potions of ambrosia
 x - a potion of brilliance
 A - 2 potions of haste {unknown}
 B - 4 potions of curing {unknown}
 H - 2 potions of lignification
 I - a potion of mutation {unknown}
 J - 5 potions of degeneration {unknown}
 S - a potion of resistance {unknown}
 T - a potion of beneficial mutation {unknown}
Comestibles
 f - 10 bread rations
 h - 40 fruits
 i - a beef jerky
 q - 5 slices of pizza
 O - 2 meat rations


   Skills:
 + Level 7.9(7.8) Fighting
 - Level 1.0(6.0) Short Blades
 + Level 10.5(10.4) Long Blades
 - Level 0.6(0.4) Bows
 + Level 2.4(2.2) Throwing
 + Level 9.7(9.5) Armour
 + Level 1.8(1.6) Dodging
 + Level 12.8(12.6) Shields
 + Level 0.4(0.3) Evocations


You had 10 spell levels left.
You didn't know any spells.

Dungeon Overview and Level Annotations

Branches:
Dungeon (12/15)            Temple (1/1) D:4            Lair (0/6) D:9
    Orc: D:9-12

Altars:
Cheibriados
Dithmenos
Elyvilon
Fedhas
Gozag
Kikubaaqudgha
Makhleb
Nemelex Xobeh
Okawaru
Qazlal
Ru
Vehumet

Shops:
D:4 *   D:5 (   D:6 (

Annotations:
D:10 tognito's ghost, journeyman MiBe


Innate Abilities, Weirdness & Mutations

You reflexively headbutt those who attack you in melee.
You have a pair of horns on your head.
You cannot drink potions while threatened.
You cannot be stealthy.
You are somewhat unskilled. (-1 Apt)
Your body sometimes deteriorates upon taking damage.
You are resistant to electric shocks. (rElec)


Message History

The minotaur completely misses you.
You closely miss the minotaur.
The minotaur furiously retaliates!
The minotaur headbutts you.
* * * LOW HITPOINT WARNING * * *
The minotaur is moderately wounded.
The minotaur hits you with an ancient dagger {protect}.
* * * LOW HITPOINT WARNING * * *
The minotaur gores you but does no damage.
You hit the minotaur but do no damage.
The minotaur is moderately wounded.
You block the minotaur's attack. x2
You hit the minotaur but do no damage.
The minotaur is moderately wounded.
The minotaur hits you but does no damage.
The minotaur gores you.
* * * LOW HITPOINT WARNING * * *
You hit the minotaur but do no damage.
The minotaur is moderately wounded.
The minotaur hits you with an ancient dagger {protect}!!
You die...

#........ .# #..###
# # . # ..#.# . #H
# H# ## #. . #. #
###### # #.#..#
...H. .#
#....##########...#
###........H@.....#
#.......#...#.#...
##.## .###.# #.#
... .. ###
#.###.### #.#.# .#
# ## ##


You could see a minotaur.

Vanquished Creatures
  The ghost of Diode the Basher, a journeyman MiBe of Trog (D:11)
  2 skeletal warriors (D:8)
  An ugly thing (D:10)
  An orc knight (D:10)
  A manticore (D:11)
  Psyche (D:11)
  Joseph (D:7)
  A komodo dragon (D:10)
  The ghost of Inarius the Slasher, an amateur MiFi of Qazlal (D:5)
  3 trolls
  2 hornets
  Grinder (D:2)
  Prince Ribbit (D:5)
  4 hippogriffs
  Sigmund (D:3)
  2 wyverns
  A hungry ghost (D:11)
  Menkaure (D:7)
  Edmund (D:4)
  A warg (D:11)
  Duvessa (D:4)
  A water moccasin (D:7)
  2 orc warriors (D:10)
  A sky beast (D:5)
  2 ice beasts (D:10)
  3 phantoms
  4 necrophages (D:7)
  A black bear (D:9)
  3 ogres
  A wolf (D:9)
  5 centaurs
  2 big kobolds (D:9)
  4 bullfrogs
  Dowan (D:4)
  3 scorpions
  The ghost of Inarius the Covered, a weakling MiFi (D:3)
  12 killer bees
  3 electric eels (D:9)
  4 crimson imps
  3 centaur zombies
  17 hounds
  A bullfrog zombie (D:7)
  4 orc priests
  7 jellies
  3 centaur skeletons
  Jessica (D:2)
  A bullfrog skeleton (D:9)
  2 iguanas
  5 worker ants
  4 orc wizards
  A hound skeleton (D:4)
  2 worker ant zombies (D:7)
  Robin (D:3)
  2 howler monkey skeletons (D:7)
  11 adders
  2 shadow imps
  3 oozes
  3 adder skeletons
  3 worms
  3 dart slugs
  5 leopard geckos
  18 orcs
  7 ball pythons
  7 bats
  7 giant cockroaches
  13 goblins
  10 hobgoblins
  2 jackals
  3 quokkas
  5 frilled lizards
  11 kobolds
  6 rats
255 creatures vanquished.

Vanquished Creatures (others)
  A skeletal warrior (D:8)
  A troll (D:10)
  A wolf (D:9)
  A killer bee (D:7)
  A kobold (D:9)
  A bush (D:7)
  5 plants (D:7)
11 creatures vanquished.

Grand Total: 266 creatures vanquished

Notes
Turn   | Place    | Note
-------+----------+-------------------------------------------
     0 | D:1      | Inarius the Minotaur Fighter began the quest for the Orb.
     0 | D:1      | Reached XP level 1. HP: 19/19 MP: 0/0
   185 | D:1      | Reached XP level 2. HP: 26/27 MP: 1/1
   370 | D:1      | Reached skill level 4 in Shields
   623 | D:1      | Reached XP level 3. HP: 33/33 MP: 2/2
   854 | D:2      | Noticed Jessica
   859 | D:2      | Killed Jessica
   912 | D:2      | Reached XP level 4. HP: 36/40 MP: 3/3
  1578 | D:3      | Found a white marble altar of Elyvilon.
  1680 | D:3      | Noticed Inarius's ghost (weakling MiFi)
  1697 | D:3      | Killed Inarius's ghost
  1697 | D:3      | Reached skill level 5 in Armour
  1697 | D:3      | Reached XP level 5. HP: 35/47 MP: 4/4
  1728 | D:3      | Noticed Robin
  1767 | D:3      | Killed Robin
  1805 | D:3      | Noticed Grinder
  1805 | D:3      | Noticed Sigmund
  1828 | D:3      | Paralysed by Grinder for 5 turns
  1854 | D:2      | Killed Grinder
  1854 | D:2      | Reached skill level 5 in Shields
  1854 | D:2      | Reached XP level 6. HP: 17/55 MP: 5/5
  1981 | D:3      | Killed Sigmund
  1981 | D:3      | Reached skill level 5 in Fighting
  1981 | D:3      | Reached skill level 5 in Long Blades
  1981 | D:3      | Reached skill level 6 in Shields
  1981 | D:3      | Reached XP level 7. HP: 54/61 MP: 6/6
  2288 | D:3      | Found a sparkling altar of Nemelex Xobeh.
  2288 | D:3      | Found a faded altar of an unknown god.
  2295 | D:3      | Found a radiant altar of Vehumet.
  2298 | D:3      | Found an iron altar of Okawaru.
  2300 | D:3      | Found a faded altar of an unknown god.
  2414 | D:4      | Noticed Edmund
  2431 | D:4      | Killed Edmund
  2431 | D:4      | Reached skill level 7 in Shields
  2482 | D:4      | Found a staircase to the Ecumenical Temple.
  2497 | Temple   | Entered the Ecumenical Temple
  2535 | Temple   | Became a worshipper of Ru the Awakened
  2614 | D:4      | Noticed Duvessa
  2615 | D:4      | Noticed Dowan
  2737 | D:4      | Killed Duvessa
  2748 | D:4      | Killed Dowan
  2748 | D:4      | Reached skill level 1 in Dodging
  2782 | D:4      | Found Ugris's Elemental Accessories.
  2819 | D:4      | Reached XP level 8. HP: 66/69 MP: 7/7
  3082 | D:4      | Reached skill level 8 in Shields
  3096 | D:4      | Found a snail-covered altar of Cheibriados.
  3179 | D:5      | Entered Level 5 of the Dungeon
  3199 | D:5      | Reached skill level 1 in Short Blades
  3341 | D:5      | Reached skill level 1 in Throwing
  3379 | D:5      | Noticed Inarius's ghost (amateur MiFi)
  3384 | D:4      | HP: 3/70 [ogre/giant club (8)]
  3511 | D:5      | Killed Inarius's ghost
  3511 | D:5      | Reached skill level 9 in Shields
  3515 | D:5      | Found Wischaj's Weapon Shoppe.
  3593 | D:5      | Noticed Prince Ribbit
  3703 | D:5      | Killed Prince Ribbit
  3703 | D:5      | Reached XP level 9. HP: 75/75 MP: 8/8
  3904 | D:6      | Gained mutation: You cannot drink potions while threatened. [Ru sacrifice]
  3904 | D:6      | Reached * piety under Ru
  4411 | D:6      | Found Turodet's Antique Weapon Boutique.
  5161 | D:7      | Noticed Menkaure
  5181 | D:7      | Killed Menkaure
  5448 | D:7      | Noticed Joseph
  5532 | D:7      | Killed Joseph
  5532 | D:7      | Reached skill level 10 in Shields
  5677 | D:7      | Found a blossoming altar of Fedhas.
  6639 | D:8      | Noticed a skeletal warrior
  6714 | D:8      | Killed a skeletal warrior
  6714 | D:8      | Reached skill level 1 in Stealth
  6714 | D:8      | Reached skill level 11 in Shields
  6714 | D:8      | Reached XP level 10. HP: 30/85 MP: 9/9
  6776 | D:8      | Gained mutation: You are somewhat unskilled. (-1 Apt) [Ru sacrifice]
  6776 | D:8      | Reduced skill Shields to level 10
  6776 | D:8      | Reached ** piety under Ru
  6776 | D:8      | Reached *** piety under Ru
  6808 | D:8      | Noticed a skeletal warrior
  6844 | D:8      | Killed a skeletal warrior
  6844 | D:8      | Reached skill level 1 in Stealth
  7347 | D:8      | Noticed a skeletal warrior
  7381 | D:8      | Killed a skeletal warrior
  7483 | D:9      | Found a burning altar of Makhleb.
  7483 | D:9      | Found a shadowy altar of Dithmenos.
  7520 | D:9      | Reached skill level 11 in Shields
  7570 | D:9      | Got a twisted leather armour
  7581 | D:9      | Identified the cursed +1 leather armour of the Many Beds {rPois} (You found it on level 9 of the Dungeon)
  7832 | D:9      | Found a staircase to the Lair.
  8871 | D:9      | Reached XP level 11. HP: 76/91 MP: 10/10
  9182 | D:10     | Entered Level 10 of the Dungeon
  9219 | D:10     | Gained mutation: You cannot be stealthy. [Ru sacrifice]
  9225 | D:10     | Noticed tognito's ghost (journeyman MiBe)
  9603 | D:11     | Noticed a white ugly thing
  9710 | D:10     | Reached skill level 12 in Shields
  9851 | D:10     | Killed a white ugly thing
  9917 | D:10     | Gained mutation: Your body sometimes deteriorates upon taking damage. [mutagenic meat]
  9918 | D:10     | Gained mutation: You are resistant to electric shocks. (rElec) [mutagenic meat]
 10136 | D:10     | Reached skill level 10 in Long Blades
 10597 | D:11     | Noticed Diode's ghost (journeyman MiBe)
 10861 | D:11     | Paralysed by a hornet for 1 turns
 11122 | D:11     | Killed Diode's ghost
 11219 | D:11     | Noticed Psyche
 11245 | D:11     | Killed Psyche
 11247 | D:11     | Noticed an orc knight
 11606 | D:10     | Killed an orc knight
 11983 | D:11     | Noticed an eight-headed hydra
 11991 | D:12     | Found a labyrinth entrance.
 11995 | Lab      | Entered a labyrinth
 12166 | Lab      | Noticed a minotaur
 12183 | Lab      | HP: 2/94 [minotaur/ancient dagger {protect} (13)]
 12234 | Lab      | Identified the cursed +3 dagger of the Horn {protect, rC+}
 12234 | Lab      | Mangled by a minotaur

Skill      XL: |  1  2  3  4  5  6  7  8  9 10 11 |
---------------+----------------------------------+-----
Armour         | 4 5 6 8 8 9 |  9.7
Shields        | 4 5 6 7 9 11 11 12 | 12.8
Fighting       | 4 5 6 7 7 |  7.9
Long Blades    | 3 4 5 6 7 9 9 10 | 10.5
Dodging        | 1 |  1.8
Short Blades   | 1 |  1.0
Throwing       | 1 2 |  2.4
Stealth        | 1 1 0 |  0.0
Bows           | |  0.6
Evocations     | |  0.4

Action                   |  1- 3 |  4- 6 |  7- 9 | 10-12 || total
-------------------------+-------+-------+-------+-------++-------
Melee: Long sword        |    55 |   164 |   420 |   882 ||  1521
       Headbutt          |     9 |    30 |   108 |   222 ||   369
       Rapier            |       |       |    58 |       ||    58
       Unarmed           |       |       |     6 |       ||     6
 Fire: Shortbow          |       |       |       |    13 ||    13
Throw: Tomahawk          |       |     3 |    31 |       ||    34
Invok: Sacrifice Drink   |       |       |     1 |       ||     1
       Draw Out Power    |       |       |       |     2 ||     2
       Sacrifice Skill   |       |       |       |     1 ||     1
       Sacrifice Stealth |       |       |       |     1 ||     1
Evoke: Wand              |       |       |       |    19 ||    19
  Use: Scroll            |       |       |    13 |     5 ||    18
       Potion            |       |       |     1 |     4 ||     5
 Stab: Distracted        |       |       |       |     2 ||     2
       Invisible         |       |       |       |    10 ||    10
       Confused          |       |       |       |     3 ||     3
  Eat: Chunk             |       |     4 |     9 |    13 ||    26
       Meat ration       |       |       |     1 |     2 ||     3
       Beef jerky        |       |       |     1 |     2 ||     3
       Fruit             |       |       |       |     1 ||     1
Armor: Scale mail        |    19 |       |       |       ||    19
       Ring mail         |     7 |       |       |       ||     7
       Plate armour      |     4 |    86 |   145 |   299 ||   534
Dodge: Dodged            |    13 |    26 |    34 |    88 ||   161
Block: Shield            |    27 |    27 |       |       ||    54
       Large shield      |       |    97 |   325 |   749 ||  1171
       Rpst.: Long sword |     3 |     5 |     7 |    28 ||    43
